 Dungeon Crawl Stone Soup version 0.30.1-9-gdf580d7c3d (webtiles) character file.

Game seed: 16994494982886207736

4431 Kaboulah the Covert (level 10, -3/65 HPs)
             Began as a Kobold Enchanter on Sept 30, 2023.
             Was a Believer of Dithmenos.
             Slain by a two-headed ogre
             ... wielding a +0 giant club
              (21 damage)
             ... on level 7 of the Dungeon on Oct 1, 2023.
             The game lasted 01:48:25 (10839 turns).

Kaboulah the Covert (Kobold Enchanter)             Turns: 10839, Time: 01:48:25

Health: -3/65      AC:  9    Str:  5    XL:     10   Next: 62%
Magic:  12/18      EV: 19    Int: 18    God:    Dithmenos [**....]
Gold:   593        SH:  0    Dex: 19    Spells: 12/20 levels left

rFire   . . .        a - +1 dagger
rCold   + . .        (no shield)
rNeg    . . .        G - +0 steam dragon scales
rPois   .            (no helmet)
rElec   .            u - +0 cloak
rCorr   .            n - +1 pair of gloves
SInv    .            s - +0 pair of boots
Will    .....        m - amulet of the acrobat
Stlth   +++++++      H - ring of protection from cold
HPRegen 0.30/turn    (no ring)
MPRegen 0.16/turn

%: acrobat
@: wreathed by umbra
A: small, no large weapons, nightstalker 3
a: Renounce Religion, Shadow Step


You were on level 7 of the Dungeon.
You worshipped Dithmenos.
Dithmenos was pleased with you.
You visited 2 branches of the dungeon, and saw 9 of its levels.

You collected 593 gold pieces.

Inventory:

Hand Weapons
 a - a +1 dagger (weapon)
 t - a +2 heavy sling
Armour
 n - a +1 pair of gloves (worn)
 s - a +0 pair of boots (worn)
 u - a +0 cloak (worn)
 G - +0 steam dragon scales (worn)
Jewellery
 m - an amulet of the acrobat (around neck)
 E - an amulet of guardian spirit
 H - a ring of protection from cold (left hand)
Wands
 b - a wand of flame (10)
 A - a wand of iceblast (26)
 B - a wand of light (5)
Scrolls
 d - 3 scrolls of immolation
 i - a scroll of enchant armour {unknown}
 j - 2 scrolls of teleportation
 k - 4 scrolls of fear
 l - a scroll of fog {unknown}
 o - a scroll of summoning {unknown}
 q - 2 scrolls of blinking
 y - a scroll of silence {unknown}
 C - a scroll of enchant weapon {unknown}
Potions
 c - 2 potions of invisibility
 e - 2 potions of lignification
 f - 2 potions of flight
 g - 4 potions of brilliance
 h - a potion of attraction {unknown}
 p - a potion of resistance {unknown}
 r - a potion of mutation {unknown}
 v - a potion of cancellation {unknown}
 w - a potion of ambrosia {unknown}
 x - a potion of degeneration {unknown}
 z - a potion of berserk rage {unknown}
 D - a potion of curing
 F - 2 potions of heal wounds


   Skills:
 * Level 8.4 Fighting
 + Level 7.1 Short Blades
 + Level 7.5 Dodging
 + Level 8.6 Stealth
 + Level 5.8 Spellcasting
 + Level 6.7 Hexes


You had 12 spell levels left.
You knew the following spells:

 Your Spells              Type           Power      Damage    Failure   Level
a - Ensorcelled Hibernat  Hex/Ice        34%        N/A       4%          2
b - Confusing Touch       Hex            29%        N/A       2%          3
c - Tukima's Dance        Hex            29%        N/A       2%          3

Your spell library contained the following spells:

 Spells                   Type           Power      Damage    Failure   Level
 Dazzling Flash           Conj/Hex       34%        N/A       9%          3
 Necrotise                Necr           20%        1d5       12%         1
 Sandblast                Erth           10%        2d5       12%         1
 Passwall                 Tmut/Erth      4%         N/A       19%         2
 Stone Arrow              Conj/Erth      10%        3d7       36%         3
 Vampiric Draining        Necr           5%         2d6       36%         3
 Silence                  Hex/Air        8%         N/A       63%         5
 Agony                    Necr           5%         N/A       98%         5


Dungeon Overview and Level Annotations

Branches:
Dungeon (8/15)             Temple (1/1) D:4            Lair (0/5) D:8

Altars:
Dithmenos
Elyvilon
Fedhas
Hepliaklqana
Kikubaaqudgha
Makhleb
Ru
Yredelemnul
Zin
The Shining One


Innate Abilities, Weirdness & Mutations

You are small and have problems with some larger weapons.
You are completely attuned to the shadows.


Message History

The wyvern zombie completely misses you.
You hit the wyvern zombie.
The wyvern zombie is almost destroyed.
The wyvern zombie bites you.
You hit the wyvern zombie.
The wyvern zombie is almost destroyed.
The wyvern zombie barely misses you.
You hit the wyvern zombie but do no damage.
The wyvern zombie is almost destroyed.
The wyvern zombie barely misses you.
You hit the wyvern zombie.
You destroy the wyvern zombie!
Dithmenos accepts your kill.
You start resting.
HP restored.
Found a stone staircase leading up.
A two-headed ogre comes into view. It is wielding two +0 giant clubs.
The two-headed ogre shouts in stereo!
Found a spear.
The two-headed ogre misses you.
The two-headed ogre hits you with a +0 giant club!
There is a stone staircase leading up here.
The two-headed ogre completely misses you. x2
You climb upwards.
There is a stone staircase leading down here.
Aiming: Ensorcelled Hibernation (safe; 4% risk of failure)
Press: ? - help, Q - select action, (/) - cycle Shift-Dir - straight line, f - two-headed ogre
Aim: a two-headed ogre, wielding two +0 giant clubs (umbra, chance to affect: 32%)
Okay, then.
Aiming: Tukima's Dance (dangerous; 2% risk of failure)
Press: ? - help, Q - select action, (/) - cycle Shift-Dir - straight line, f - two-headed ogre
Aim: a two-headed ogre, wielding two +0 giant clubs (umbra, chance to affect: 41%)
The two-headed ogre resists with some effort.
Aiming: Tukima's Dance (dangerous; 2% risk of failure)
Press: ? - help, Q - select action, (/) - cycle Shift-Dir - straight line, f/p - two-headed ogre
Aim: a two-headed ogre, wielding two +0 giant clubs (umbra, chance to affect: 41%)
The two-headed ogre resists with some effort.
The two-headed ogre hits you with a +0 giant club!!
* * * LOW HITPOINT WARNING * * *
The two-headed ogre hits you with a +0 giant club!!
You die...

###### #### .....#########..#
#####....§....#.# #.≈≈≈≈≈≈§.#.#
#####≈..≈≈≈..≈#.#
....#§.≈...≈.≈#.#
#####≈.≈._.≈.≈#.#
###.#≈.≈§..≈.≈#.##
....#≈.§§≈§..≈#.@###############
###.#.≈§§§§≈≈.##O#.............#
#.#....§....##(#.............#
#..#########.#.#.............#
#.#.........[#.#.............#
#.#.########.................#
#.....######.................#
###.#......)....[............#
#####.#..).)...#.#.............#


You could see a two-headed ogre.

Vanquished Creatures
  Pikel (D:7)
  Joseph (D:7)
  An unseen horror zombie (D:8)
  Sigmund (D:2)
  2 steam dragons (D:8)
  Menkaure (D:7)
  2 hornet zombies (D:8)
  A black bear (D:6)
  An ice beast (D:7)
  An orc warrior (D:7)
  3 ogres (D:5)
  3 phantoms
  A lemure (D:7)
  A kobold brigand (D:7)
  2 bullfrogs
  A wyvern zombie (D:8)
  A gnoll sergeant (D:8)
  3 scorpions
  2 wights (D:8)
  4 killer bees (D:8)
  A howler monkey (D:5)
  2 centaur zombies (D:8)
  2 jellies
  4 hounds
  2 gnoll boudas
  3 orc priests
  4 orc wizards
  4 iguanas
  A killer bee zombie (D:8)
  2 howler monkey zombies (D:8)
  11 adders
  15 gnolls
  A shadow imp (D:5)
  A white imp (D:6)
  A worm (D:3)
  A dart slug (D:1)
  17 orcs
  13 ball pythons
  6 bats (D:1)
  6 endoplasms
  2 giant cockroaches
  9 goblins
  11 hobgoblins
  7 jackals
  2 quokkas
  2 frilled lizards
  10 kobolds
  7 rats
180 creatures vanquished.

Vanquished Creatures (collateral kills)
  A wight (D:8)
  2 gnolls
3 creatures vanquished.

Vanquished Creatures (others)
  A dancing weapon (D:8)
1 creature vanquished.

Grand Total: 184 creatures vanquished

Notes
Turn   | Place    | Note
-------+----------+-------------------------------------------
     0 | D:1      | Kaboulah the Kobold Enchanter began the quest for the Orb.
     0 | D:1      | Reached XP level 1. HP: 10/10 MP: 3/3
   216 | D:1      | Reached XP level 2. HP: 12/16 MP: 5/5
   352 | D:1      | Reached skill level 1 in Fighting
   436 | D:1      | Reached XP level 3. HP: 20/20 MP: 6/6
   713 | D:1      | Learned a level 2 spell: Ensorcelled Hibernation
  1547 | D:2      | Reached XP level 4. HP: 26/26 MP: 2/7
  1577 | D:2      | Noticed Sigmund
  1601 | D:2      | Killed Sigmund
  1602 | D:2      | Reached XP level 5. HP: 24/32 MP: 5/9
  1602 | D:2      | Reached XP level 6. HP: 27/36 MP: 5/10
  2955 | D:3      | Reached skill level 5 in Stealth
  3234 | D:3      | Found a faded altar of an unknown god.
  3551 | D:4      | Found a staircase to the Ecumenical Temple.
  3563 | Temple   | Entered the Ecumenical Temple
  3583 | Temple   | Became a worshipper of Dithmenos the Shadowed
  3986 | D:4      | Reached XP level 7. HP: 24/41 MP: 4/11
  5226 | D:5      | Entered Level 5 of the Dungeon
  5548 | D:5      | Reached skill level 5 in Dodging
  5794 | D:5      | Reached * piety under Dithmenos
  5898 | D:5      | Found a burning altar of Makhleb.
  5900 | D:5      | Reached XP level 8. HP: 48/48 MP: 13/13
  6451 | D:5      | Reached skill level 5 in Fighting
  6476 | D:5      | Reached skill level 5 in Hexes
  6965 | D:6      | Reached XP level 9. HP: 52/55 MP: 9/15
  6971 | D:6      | Learned a level 3 spell: Confusing Touch
  6975 | D:6      | Learned a level 3 spell: Tukima's Dance
  7232 | D:6      | Reached skill level 5 in Short Blades
  7496 | D:5      | Reached ** piety under Dithmenos
  8318 | D:7      | Noticed Joseph
  8514 | D:7      | Killed Joseph
  8815 | D:7      | Found a glowing golden altar of the Shining One.
  8835 | D:7      | Noticed Pikel
  8843 | D:7      | Killed Pikel
  8844 | D:7      | Reached skill level 5 in Spellcasting
  8844 | D:7      | Reached XP level 10. HP: 63/63 MP: 12/17
  9434 | D:7      | Noticed Menkaure
  9436 | D:7      | Killed Menkaure
 10180 | D:8      | Found a staircase to the Lair.
 10674 | D:8      | Found a basalt altar of Yredelemnul.
 10833 | D:8      | Noticed a two-headed ogre
 10839 | D:7      | Slain by a two-headed ogre

Illustrated notes

Levels and vault maps discovered:
D:1:      minmay_arrival_split_and_join, layout_basic, moated_statue
D:2:      layout_loops_ring, minmay_misc_feat_ornament, uniq_sigmund
D:3:      layout_loops_cross, hellmonk_ecumenical_altar_defaced_shrine,
          guppyfry_early_orc_mine
D:4:      layout_loops_ring, temple_fountains
D:5:      layout_loops_corners, nicolae_overflow_crystal_walls,
          minmay_door_square, st_stairs_12, minmay_tree_intersection
D:6:      layout_basic, serial_rivers, chequers_serial_rivers_small_3,
          chequers_serial_rivers_small_b, chequers_serial_rivers_micro_a,
          chequers_serial_rivers_micro_e, chequers_serial_rivers_small_b,
          chequers_serial_rivers_micro_e, minivault_10, st_stairs_3,
          minmay_strange_pillars
D:7:      layout_basic, mainiacjoe_overflow_paths, uniq_joseph, uniq_menkaure,
          uniq_pikel
D:8:      layout_basic, nicolae_yredelemnul_corpse_copse, lair_entry_dummy,
          serial_rivers, chequers_serial_rivers_small_3,
          chequers_serial_rivers_small_b, chequers_serial_rivers_micro_a,
          chequers_serial_rivers_large_a, chequers_serial_rivers_small_b,
          serial_bayou_lagoon_b
Temple:   compressed_dpeg_triangle_lava_temple

Skill      XL: |  1  2  3  4  5  6  7  8  9 10 |
---------------+-------------------------------+-----
Fighting       | 1 2 3 4 5 7 8 |  8.4
Dodging        | 3 4 5 6 7 |  7.5
Short Blades   | 2 3 4 6 7 |  7.1
Spellcasting   | 3 4 5 |  5.8
Stealth        | 5 6 7 8 |  8.6
Hexes          | 4 5 6 |  6.7

Action                     |  1- 3 |  4- 6 |  7- 9 | 10-12 || total
---------------------------+-------+-------+-------+-------++-------
  Melee: Dagger            |    86 |   134 |   320 |   225 ||   765
         Punch             |       |     2 |     6 |     3 ||    11
   Cast: Ensorcelled Hiber |     6 |    32 |    75 |    21 ||   134
         Tukima's Dance    |       |       |     5 |     7 ||    12
         Confusing Touch   |       |       |       |     2 ||     2
    Use: Scroll            |       |       |    10 |     2 ||    12
         Potion            |       |       |     5 |       ||     5
   Stab: Sleeping          |    21 |    30 |    47 |    17 ||   115
         Distracted        |       |       |     2 |       ||     2
         Confused          |       |       |       |     2 ||     2
 Armour: Robe              |     6 |    14 |       |       ||    20
         Skin              |       |       |    23 |       ||    23
         Leather armour    |       |       |    43 |     5 ||    48
         Steam dragon scal |       |       |       |    33 ||    33
  Dodge: Dodged            |    49 |    85 |   262 |   268 ||   664
